 Dungeon Crawl Stone Soup version 0.27.1-3-gb3d3a73c9e (webtiles) character file.

Game seed: 18436337941709715271

1451 dobroeutro the Fighter (level 8, -7/55 HPs)
             Began as a Gargoyle Fighter on Oct 18, 2021.
             Was a Follower of Okawaru.
             Mangled by a slime creature (10 damage)
             ... on level 7 of the Dungeon.
             The game lasted 00:10:49 (4548 turns).

dobroeutro the Fighter (Gargoyle Fighter)           Turns: 4548, Time: 00:10:50

Health: -7/55      AC: 13    Str: 22    XL:     8   Next: 75%
Magic:  0/8        EV:  7    Int: 15    God:    Okawaru [*.....]
Gold:   267        SH:  9    Dex: 10    Spells: 7/7 levels left

rFire    . . .     SeeInvis +   t - +6 war axe "Ythry" {flame, Will++ Int+7 SInv}
rCold    . . .     Faith    .   c - +0 kite shield
rNeg     + . .     Spirit   +   b - +0 scale mail
rPois    ∞         Reflect  .   (no helmet)
rElec    +         Harm     .   (no cloak)
rCorr    .         Rampage  .   (no gloves)
Will     +++..                  y - +0 pair of boots
Stlth    ..........             w - amulet of guardian spirit
HPRegen  0.18/turn              g - ring of willpower
MPRegen  0.11/turn              (no ring)

@: no status effects
A: sickness immunity, AC +5, negative energy resistance 1, electricity
resistance, torment resistance 1, petrification resistance
a: Renounce Religion, Heroism


You were on level 7 of the Dungeon.
You worshipped Okawaru.
Okawaru was aware of your devotion.
You visited 1 branch of the dungeon, and saw 7 of its levels.

You collected 267 gold pieces.

Inventory:

Hand Weapons
 a - a +0 flail
 t - the +6 war axe "Ythry" (weapon) {flame, Will++ Int+7 SInv}
   (You found it on level 5 of the Dungeon)

   It burns those it strikes, dealing additional fire damage.
   Big, fiery blades are also staple armaments of hydra-hunters.
   Int:       It affects your intelligence (+7).
   SInv:      It lets you see invisible.
   Will:      It greatly increases your willpower.
Armour
 b - a +0 scale mail (worn)
 c - a +0 kite shield (worn)
 y - a +0 pair of boots (worn)
Jewellery
 g - a ring of willpower (left hand)
 w - an amulet of guardian spirit (around neck)
Wands
 v - a wand of polymorph (1)
 z - a wand of flame (23)
Scrolls
 e - 4 scrolls of teleportation {unknown}
 f - a scroll of silence {unknown}
 h - 8 scrolls of identify {unknown}
 j - a scroll of magic mapping {unknown}
 k - a scroll of immolation {unknown}
 o - a scroll of fog {unknown}
 p - a scroll of brand weapon {unknown}
 r - a scroll of fear {unknown}
 s - a scroll of summoning {unknown}
 u - 2 scrolls of vulnerability {unknown}
 A - a scroll of blinking {unknown}
Potions
 d - a potion of might
 i - a potion of invisibility {unknown}
 l - 2 potions of brilliance {unknown}
 m - a potion of cancellation {unknown}
 n - 2 potions of heal wounds {unknown}
 q - a potion of magic {unknown}
 x - a potion of curing {unknown}


   Skills:
 + Level 8.3 Fighting
 + Level 8.1 Maces & Flails
 - Level 3.2 Armour
 - Level 3.2 Shields


You had 7 spell levels left.
You didn't know any spells.
Your spell library contained the following spells:

 Spells                   Type           Power      Damage    Failure   Level
 Static Discharge         Conj/Air       0%         N/A       99%         2
 Ignite Poison            Fire/Tmut/Pois 0%         N/A       100%        3
 Mephitic Cloud           Conj/Pois/Air  0%         N/A       100%        3
 Petrify                  Tmut/Erth      0%         N/A       100%        4
 Bolt of Magma            Conj/Fire/Erth 0%         4d4       100%        5
 Iskenderun's Battlesphe  Conj           0%         2d6       100%        5
 Lightning Bolt           Conj/Air       0%         1d11      100%        5
 Metabolic Englaciation   Hex/Ice        0%         N/A       100%        5
 Iron Shot                Conj/Erth      0%         9d1       100%        6
 Spellforged Servitor     Conj/Summ      0%         N/A       100%        7
 Maxwell's Capacitive Co  Air            0%         ∞         100%        8
 Statue Form              Tmut/Erth      Unusable   N/A       N/A         6

Dungeon Overview and Level Annotations

Branches:
Dungeon (8/15)
 Temple: D:4-7         Lair: D:8-11

Altars:
Kikubaaqudgha
Makhleb
Okawaru
Sif Muna
Yredelemnul
Zin

Shops:
D:2 *=!:*

Annotations:
D:3 2 runed translucent doors, Sirial's ghost, amateur TrMo
D:7 2 transporters, Menkaure


Innate Abilities, Weirdness & Mutations

You are immune to sickness and miasma.
Your stone body is resilient. (AC +5)
You are immune to poison.
You resist negative energy. (rN+)
You are resistant to electric shocks. (rElec)
You are resistant to unholy torment.
You are immune to petrification.


Message History

The slime creature is moderately wounded.
You block the slime creature's attack.
An ice beast comes into view.
The slime creature hits you but does no damage.
Unknown command.
You slash the slime creature! You burn the slime creature.
The slime creature is heavily wounded.
A kobold brigand comes into view.
It is wielding a +0 whip and quivering poisoned darts.
The slime creature hits you but does no damage.
Unknown command.
An orc warrior comes into view. It is wielding a +0 mace.
The orc warrior shouts!
You hear an angry hiss.
The ice beast hits you but does no damage.
A white imp comes into view.
You block the ice beast's attack. The ice beast closely misses you.
You slash the ice beast!
You melt the ice beast!
The ice beast is severely wounded.
The ice beast hits you but does no damage. x2
You slash the ice beast!
You melt the ice beast.
You kill the ice beast!
Okawaru accepts your kill.
You slash the slime creature! You burn the slime creature.
The slime creature is severely wounded.
You block the slime creature's attack.
You hit the slime creature. You burn the slime creature.
The slime creature is severely wounded.
The slime creature hits you!
* * * LOW HITPOINT WARNING * * *
You block the slime creature's attack.
You barely miss the slime creature.
The slime creature is severely wounded.
The slime creature jiggles.
You block the slime creature's attack.
You hit the slime creature. You burn the slime creature.
The slime creature is severely wounded.
The slime creature hits you!
* * * LOW HITPOINT WARNING * * *
The slime creature hits you!
You die...

#.###..#..#.......#..##..
...##..#.........#..#8..
...##...).......#V.##.. #
#..##..####.##.#W....© #.
#..#..#^......#..# ..
#$###.#.>#.##.##.#5.# ..
##†...oF##.......#M.##..
#:)..J#J###......#./....
#..###o.#@#
#......#...... #. #..##.#
#..)...####### ..
#..##..# #............©
## ...# ..##
#.........##.. #5## ..#
#.........###. ..# #.#
#.........)... .# #.
#######.#####. # #.# #.
#.# #.


You could see a slime creature, an orc warrior and a bullfrog.

Vanquished Creatures
  A steam dragon (D:7)
  A water moccasin (D:5)
  An ice beast (D:7)
  2 black bears
  An ogre (D:5)
  A centaur (D:7)
  A phantom (D:4)
  2 scorpions
  A bullfrog zombie (D:5)
  2 hounds
  A jelly (D:8)
  A gnoll shaman (D:5)
  3 orc wizards
  Terence (D:3)
  A hound skeleton (D:5)
  2 howler monkey zombies
  5 gnolls
  A howler monkey skeleton (D:5)
  9 adders
  A white imp (D:7)
  2 adder skeletons (D:4)
  A worm (D:5)
  2 dart slugs (D:3)
  21 orcs
  5 ball pythons
  14 endoplasms
  3 giant cockroaches
  9 goblins
  6 hobgoblins
  5 jackals (D:1)
  2 quokkas (D:4)
  6 bats
  4 frilled lizards
  10 kobolds
  2 rats
130 creatures vanquished.

Notes
Turn   | Place    | Note
-------+----------+-------------------------------------------
     0 | D:1      | dobroeutro the Gargoyle Fighter began the quest for the
                  | Orb.
     0 | D:1      | Reached XP level 1. HP: 14/14 MP: 1/1
   275 | D:1      | Reached XP level 2. HP: 18/19 MP: 2/2
   437 | D:1      | Reached XP level 3. HP: 18/23 MP: 3/3
  1113 | D:2      | Reached XP level 4. HP: 28/28 MP: 4/4
  1140 | D:2      | Found Icvov's Book Shoppe.
  1144 | D:2      | Found Pucuepe's Distillery.
  1148 | D:2      | Found Vixureeff's Jewellery Emporium.
  1324 | D:2      | Found Finem's Assorted Antiques.
  1556 | D:2      | Found Foskonyr's Assorted Antiques.
  1663 | D:3      | Found a glowing silver altar of Zin.
  1678 | D:3      | Found a shimmering blue altar of Sif Muna.
  1710 | D:3      | Noticed Terence
  1718 | D:3      | Killed Terence
  1719 | D:3      | Reached XP level 5. HP: 14/33 MP: 5/5
  1954 | D:3      | Found a faded altar of an unknown god.
  2146 | D:3      | Reached skill level 5 in Maces & Flails
  2272 | D:3      | Found a large runed translucent door.
  2272 | D:3      | Found a large runed translucent door.
  2273 | D:3      | Noticed Sirial's ghost (amateur TrMo)
  2633 | D:4      | Reached skill level 5 in Fighting
  2633 | D:4      | Reached XP level 6. HP: 28/40 MP: 6/6
  2800 | D:4      | Found an iron altar of Okawaru.
  2817 | D:4      | Became a worshipper of Warmaster Okawaru
  2963 | D:4      | Noticed a black bear
  2973 | D:4      | Killed a black bear
  2974 | D:4      | Reached XP level 7. HP: 45/45 MP: 7/7
  3226 | D:5      | Entered Level 5 of the Dungeon
  3353 | D:5      | Identified the +6 war axe "Ythry" {flame, Will++ Int+7
                  | SInv}
  3782 | D:5      | Reached * piety under Okawaru
  3883 | D:5      | Reached XP level 8. HP: 36/52 MP: 8/8
  4150 | D:5      | You fall into a shaft and drop 3 floors!
  4269 | D:8      | Found a burning altar of Makhleb.
  4421 | D:7      | Found a basalt altar of Yredelemnul.
  4421 | D:7      | Noticed Menkaure
  4421 | D:7      | Noticed a vampire
  4422 | D:7      | Found an ancient bone altar of Kikubaaqudgha.
  4423 | D:7      | Found a transporter.
  4438 | D:7      | Found a transporter.
  4527 | D:7      | Noticed a slime creature
  4548 | D:7      | Mangled by a slime creature

Illustrated notes

Levels and vault maps discovered:
D:1:      ncdulo_smallfort, layout_rooms
D:2:      layout_basic, serial_shops, shop_statue, shop, nicolae_diamond_shop,
          shop_statue, shop
D:3:      layout_rooms, mainiacjoe_overflow_large_starburst,
          dreamdust_ecumenical_altar_grove, ebering_ghost_disaster_area,
          uniq_terence
D:4:      layout_rooms, okawaru_gym_becter
D:5:      layout_gridville, slow_altar_1
D:7:      minmay_the_grid_octo_tiled_squarecenter
          [minmay_the_grid_octo_vomiting_pacman, minmay_the_grid_octo_77,
          minmay_the_grid_octo_fan_narrow, minmay_the_grid_octo_pinwheel,
          minmay_the_grid_square_5x5_megaprize_hollow,
          minmay_the_grid_square_5x5_n_small, minmay_the_grid_square_5x5_six,
          minmay_the_grid_square_5x5_gyroscope,
          minmay_the_grid_square_5x5_two_small], layout_basic,
          gammafunk_temple_of_torment, uniq_joseph, uniq_menkaure
D:8:      layout_basic, nicolae_overflow_hidden_temple, columned_hall_lemuel,
          chequers_serial_rivers_small_a

Skill      XL: |  1  2  3  4  5  6  7  8 |
---------------+-------------------------+-----
Maces & Flails | 3 4 5 6 8 |  8.1
Fighting       | 4 5 6 8 |  8.3
Armour         | |  3.2
Shields        | |  3.2

Action                   |  1- 3 |  4- 6 |  7- 9 || total
-------------------------+-------+-------+-------++-------
Melee: Flail             |   134 |   161 |    37 ||   332
       War axe           |       |       |    87 ||    87
Armor: Scale mail        |    88 |    84 |    76 ||   248
Dodge: Dodged            |    49 |    47 |    49 ||   145
Block: Kite shield       |    87 |    80 |    66 ||   233
